 Dungeon Sprint DCSS version 0.26.1-11-gd32895ea62 (webtiles) character file.

Game seed: 3206076346401636309

5777 Zeld the Warrior (level 10, -6/105 HPs)
             Began as a Minotaur Berserker on June 8, 2021.
             Was an Elder of Trog.
             Mangled by a bone dragon (22 damage)
             ... in the Dungeon (Sprint II: "The Violet Keep of Menkaure").
             The game lasted 00:06:12 (4271 turns).

Zeld the Warrior (Minotaur Berserker)               Turns: 4271, Time: 00:06:13

Health: -6/105     AC:  3    Str: 24    XL:     10   Next: 50%
Magic:  0/9        EV: 19    Int:  4    God:    Trog [****..]
Gold:   475        SH:  0    Dex: 11    Spells: 9/9 levels left

rFire    . . .     SeeInvis .   a - +0 hand axe
rCold    . . .     Faith    .   (no shield)
rNeg     . . .     Spirit   +   b - +0 animal skin
rPois    .         Reflect  .   (helmet restricted)
rElec    .         Harm     .   (no cloak)
rCorr    .         Rampage  .   (no gloves)
Will     .....     NoTele   +   (no boots)
Stlth    +.........             n - amulet of guardian spirit
HPRegen  0.27/turn              (no ring)
MPRegen  0.11/turn              (no ring)

@: berserk cooldown, slowed, very slow
A: retaliatory headbutt, horns 2
a: Renounce Religion, Berserk, Trog's Hand, Brothers in Arms


You were in the Dungeon.
You worshipped Trog.
Trog was greatly pleased with you.
You visited 1 branch You collected 1204 gold pieces.
You spent 729 gold pieces at shops.

Inventory:

Hand Weapons
 a - a +0 hand axe (weapon)
Armour
 b - a +0 animal skin (worn)
Jewellery
 n - an amulet of guardian spirit (around neck)
Scrolls
 d - 3 scrolls of enchant armour
 m - a scroll of remove curse
 q - a scroll of fog
Potions
 c - 7 potions of curing
 e - 3 potions of haste
 f - 6 potions of magic
 g - a potion of berserk rage
 i - 9 potions of might
 j - a potion of ambrosia
 l - 4 potions of flight
 p - 3 potions of resistance
 r - a potion of invisibility {unknown}


   Skills:
 * Level 15.2 Fighting
 - Level 14.0 Axes
 * Level 15.0 Armour
 * Level 13.9 Dodging


You had 9 spell levels left.
You didn't know any spells.
Your spell library was empty.

Dungeon Overview and Level Annotations

Branches:
Dungeon (1/1)

Altars:
Cheibriados
Dithmenos
Elyvilon
Fedhas
Gozag
Hepliaklqana
Kikubaaqudgha
Makhleb
Nemelex Xobeh
Okawaru
Qazlal
Ru
Sif Muna
Trog
Uskayaw
Vehumet
Wu Jian
Xom
Yredelemnul
Zin
The Shining One
Beogh
Jiyva
Lugonu

Shops:
D [?:(![=[!!}(?=:

Annotations:
D exclusion: oklob plant


Innate Abilities, Weirdness & Mutations

You reflexively headbutt those who attack you in melee.
You have a pair of horns on your head.


Message History

The yaktaur captain hits you!
You hit the yaktaur captain. You headbutt the yaktaur captain.
The yaktaur captain is moderately wounded.
The yaktaur captain misses you. You furiously retaliate!
You headbutt the yaktaur captain!
Unknown command.
You hit the yaktaur captain but do no damage.
The yaktaur captain is moderately wounded.
The yaktaur captain hits you!!
You are too injured to fight recklessly!
You are too injured to fight recklessly!
You are too injured to fight recklessly!
You are too injured to fight recklessly!
You fail to use your ability.
The bone dragon completely misses you. The bone dragon claws you!!
* * * LOW HITPOINT WARNING * * *
The bone dragon tramples you!
* * * LOW HITPOINT WARNING * * *
You stumble backwards!
The bone dragon bites you!!
You die...

. #..≈○°°○≈≈# #. c@.≈##.≈°°..≈#
#° ##########≈≈#+++#+++## #
#########≈≈@..(......# #
........#≈≈≈≈.##'##..# #
...⌠....#≈≈≈≈##.#.##.#### +.##.#
..∩.....#≈≈≈≈#.c#..#....# ...##
.∩.∩.∩..#≈≈####D#.####..## #^.##
∩.∩.∩.∩.#≈##.###@###.##..# +..#.
.∩...∩.∩#≈#...##(##..##..# #..#.
∩.....∩.'≈'.##')<.'##.'..####^.##
.......∩#≈###.##.##..##....###...
▓▓▓▓▓▓###≈##.###'###.##......≈)≈(
$Zh######≈≈####.#.####≈≈.....≈#'#
(?h#J. ##≈≈≈#.###.#≈≈≈§≈≈§..≈#..
∩P)+..# #÷#≈##.#.##≈≈≈≈≈≈≈≈.≈#._
[.$#[##≈ #(#≈≈##'##≈≈≈≈≈≈≈≈≈≈≈#_.


You could see a bone dragon and a yaktaur captain.

Vanquished Creatures
  A boulder beetle (D)
  A skeletal warrior (D)
  A kobold demonologist (D)
  A yaktaur (D)
  A hornet (D)
  2 polar bears (D)
  8 flying skulls (D)
  2 wyverns (D)
  Menkaure (D)
  3 water moccasins (D)
  A hell rat (D)
  4 worker ants (D)
  3 worms (D)
29 creatures vanquished.

Vanquished Creatures (collateral kills)
  A boulder beetle (D)
  A polar bear (D)
  4 flying skulls (D)
6 creatures vanquished.

Vanquished Creatures (others)
  Kirke (D)
  A water moccasin (D)
  8 tentacles (D)
10 creatures vanquished.

Grand Total: 45 creatures vanquished

Notes
Turn   | Place    | Note
-------+----------+-------------------------------------------
     0 | D        | Zeld the Minotaur Berserker began the quest for the Orb.
     0 | D        | Reached XP level 1. HP: 19/19 MP: 0/0
     1 | D        | Noticed a boulder beetle
     1 | D        | Noticed a boulder beetle
     5 | D        | Noticed a worker ant
     5 | D        | Noticed a worker ant
     5 | D        | Noticed a worker ant
     5 | D        | Noticed a worker ant
     7 | D        | Killed a worker ant
     8 | D        | Reached XP level 2. HP: 26/26 MP: 1/1
    10 | D        | Reached XP level 3. HP: 31/31 MP: 2/2
    11 | D        | Reached ** piety under Trog
    12 | D        | Reached skill level 10 in Axes
    12 | D        | Reached XP level 4. HP: 39/39 MP: 3/3
   256 | D        | Killed a water moccasin
   448 | D        | Reached *** piety under Trog
   461 | D        | Found Saehypp's Book Shop.
   593 | D        | Noticed a wyvern
   593 | D        | Noticed a wyvern
   596 | D        | Killed a wyvern
   597 | D        | Reached XP level 5. HP: 46/46 MP: 4/4
   600 | D        | Killed a wyvern
   601 | D        | Reached skill level 5 in Armour
   601 | D        | Reached skill level 5 in Dodging
   601 | D        | Reached XP level 6. HP: 58/58 MP: 5/5
   645 | D        | Found Duilen's Jewellery Boutique.
   645 | D        | Found Muetemes's Gadget Shop.
   645 | D        | Found Qeopt's Weapon Shop.
   645 | D        | Found Sear's Distillery.
   645 | D        | Found Oggosog's Distillery.
   646 | D        | Found Otadwoxits's Antique Armour Shop.
   647 | D        | Found Wavestro's Jewellery Shop.
   647 | D        | Found Jianirch's Antique Armour Boutique.
   648 | D        | Found Ynioteope's Magic Scroll Boutique.
   649 | D        | Found Taeharen's Distillery.
   649 | D        | Found Igesur's Antique Weapon Boutique.
   649 | D        | Noticed Menkaure
   649 | D        | Noticed an oklob plant
   650 | D        | Found Watikaro's Magic Scroll Shop.
   650 | D        | Found Iti Giaco's Antique Armour Boutique.
   650 | D        | Found Ilyruon's Book Shoppe.
   666 | D        | Killed Menkaure
   666 | D        | Reached **** piety under Trog
   667 | D        | Reached XP level 7. HP: 52/66 MP: 6/6
  1065 | D        | Noticed a polar bear
  1069 | D        | Noticed a polar bear
  1074 | D        | Bought a potion of might for 52 gold pieces
  1074 | D        | Bought a potion of curing for 39 gold pieces
  1074 | D        | Bought a potion of might for 52 gold pieces
  1074 | D        | Bought a potion of haste for 130 gold pieces
  1074 | D        | Bought 2 potions of might for 104 gold pieces
  1074 | D        | Bought a potion of ambrosia for 104 gold pieces
  1078 | D        | Bought 2 potions of might for 88 gold pieces
  1078 | D        | Bought 2 potions of curing for 66 gold pieces
  1078 | D        | Noticed a slime creature
  1085 | D        | Noticed a slime creature
  1087 | D        | Bought a potion of might for 40 gold pieces
  1087 | D        | Bought a potion of curing for 30 gold pieces
  1088 | D        | Noticed a slime creature
  1089 | D        | Bought a scroll of identify for 24 gold pieces
  1117 | D        | Found a stormy altar of Qazlal.
  1117 | D        | Found an ornate altar of the Wu Jian Council.
  1118 | D        | Found a hazy altar of Hepliaklqana.
  1118 | D        | Found a sacrificial altar of Ru.
  1119 | D        | Found a roughly hewn altar of Beogh.
  1119 | D        | Found a viscous altar of Jiyva.
  1119 | D        | Found a shimmering blue altar of Sif Muna.
  1120 | D        | Found a snail-covered altar of Cheibriados.
  1120 | D        | Found an ancient bone altar of Kikubaaqudgha.
  1120 | D        | Found a shimmering altar of Xom.
  1120 | D        | Found a bloodstained altar of Trog.
  1121 | D        | Found a shadowy altar of Dithmenos.
  1121 | D        | Found a corrupted altar of Lugonu.
  1122 | D        | Found a white marble altar of Elyvilon.
  1122 | D        | Found a burning altar of Makhleb.
  1123 | D        | Found a blossoming altar of Fedhas.
  1125 | D        | Found an opulent altar of Gozag.
  1125 | D        | Found a glowing golden altar of the Shining One.
  1125 | D        | Found a basalt altar of Yredelemnul.
  1125 | D        | Found a hide-covered altar of Uskayaw.
  1125 | D        | Found a sparkling altar of Nemelex Xobeh.
  1125 | D        | Noticed a hornet
  1125 | D        | Noticed a polar bear
  1126 | D        | Found a glowing silver altar of Zin.
  1126 | D        | Found a radiant altar of Vehumet.
  1126 | D        | Found an iron altar of Okawaru.
  1126 | D        | Noticed a yaktaur
  1126 | D        | Noticed a polar bear
  1126 | D        | Noticed a polar bear
  1140 | D        | Killed a hornet
  1143 | D        | Killed a polar bear
  1146 | D        | Killed a polar bear
  1147 | D        | Reached skill level 10 in Fighting
  1147 | D        | Reached XP level 8. HP: 25/79 MP: 7/7
  1150 | D        | Killed a yaktaur
  1150 | D        | Reached ***** piety under Trog
  1151 | D        | Reached skill level 10 in Armour
  1161 | D        | Killed a polar bear
  1469 | D        | Noticed a kraken
  1473 | D        | HP: 2/81 [tentacle[a kraken] (24)]
  2354 | D        | Reached skill level 10 in Dodging
  2844 | D        | Killed a boulder beetle
  2845 | D        | Reached XP level 9. HP: 92/92 MP: 8/8
  3272 | D        | Killed a boulder beetle
  3470 | D        | Reached XP level 10. HP: 34/103 MP: 3/9
  4220 | D        | Noticed Kirke
  4220 | D        | Noticed a yaktaur captain
  4239 | D        | Noticed a skeletal warrior
  4246 | D        | Killed Kirke
  4263 | D        | Killed a skeletal warrior
  4264 | D        | Reached skill level 15 in Fighting
  4264 | D        | Reached skill level 15 in Armour
  4268 | D        | Noticed a bone dragon
  4271 | D        | Mangled by a bone dragon

Illustrated notes

Levels and vault maps discovered:
D:        the_violet_keep_of_menkaure [sprint2_stairs_cluster_1,
          sprint2_shoproom, sprint2_temple, sprint2_basic_supplies,
          sprint2_obstacle_5, sprint2_obstacle_2, sprint2_obstacle_1,
          sprint2_obstacle_3, sprint2_obstacle_6, sprint2_timed_cluster_1,
          sprint2_smallroom_cluster_1, sprint2_smallroom_final_cluster_1,
          sprint2_transparent_cluster_1, sprint2_second_timed_cluster_1,
          sprint2_sniper_area_1, sprint2_heavy_combat_area_1,
          sprint2_mutation_trap_area_1, sprint2_forest_area_1,
          sprint2_light_combat_area_1, sprint2_behind_water_1,
          sprint2_near_end_vault_1]

Skill      XL: |  1  2  3  4  5  6  7  8  9 10 |
---------------+-------------------------------+-----
Axes           | 7 9 10 14 | 14.0
Fighting       | 4 6 7 10 12 14 15 | 15.2
Armour         | 3 5 6 9 12 13 15 | 15.0
Dodging        | 5 6 8 11 12 13 | 13.9

Action                   |  1- 3 |  4- 6 |  7- 9 | 10-12 || total
-------------------------+-------+-------+-------+-------++-------
Melee: Hand axe          |     5 |    25 |   118 |    46 ||   194
       Headbutt          |     1 |     4 |    16 |     8 ||    29
Invok: Berserk           |     1 |     3 |     5 |     1 ||    10
       Brothers in Arms  |       |       |     4 |     3 ||     7
       Trog's Hand       |       |       |       |     1 ||     1
  Use: Scroll            |       |       |     8 |       ||     8
       Potion            |       |       |     3 |       ||     3
Armor: Animal skin       |       |       |     5 |       ||     5
Dodge: Dodged            |     1 |     7 |    68 |    34 ||   110
